 Dungeon Crawl Stone Soup version 0.25-a0-246-g58704a1ebd (webtiles) character file.

Game seed: 15205362198321157807, levelgen mode: classic

173 Borgoz the Twirler (level 5, -10/32 HPs)
             Began as a Gargoyle Gladiator on Dec 3, 2019.
             Engulfed by a cloud of flame (11 damage)
             ... on level 3 of the Dungeon.
             The game lasted 00:03:48 (2359 turns).

Borgoz the Twirler (Gargoyle Gladiator)             Turns: 2359, Time: 00:03:50

Health: -10/32     AC:  9    Str: 19    XL:     5   Next: 53%
Magic:  5/5        EV: 12    Int:  8    God:
Gold:   84         SH:  0    Dex: 11    Spells: 4/4 levels left

rFire    . . .     SeeInvis .   a - +1 quarterstaff
rCold    . . .     Gourm    .   (shield currently unavailable)
rNeg     + + .     Faith    .   b - +0 leather armour
rPois    ∞         Spirit   .   c - +1 helmet
rElec    +         Reflect  .   (no cloak)
rCorr    .         Harm     .   (no gloves)
MR       .....                  (no boots)
Stlth    +.........             (no amulet)
HPRegen  0.10/turn              h - ring of positive energy
MPRegen  0.09/turn              (no ring)

@: no status effects
A: negative energy resistance 1, electricity resistance, unbreathing,
petrification resistance, rot immunity, AC +4
a: no special abilities


You were on level 3 of the Dungeon.
You were not hungry.

You visited 1 branch of the dungeon, and saw 3 of its levels.

You collected 84 gold pieces.

Inventory:

Hand Weapons
 a - a +1 quarterstaff (weapon)
Missiles
 d - 4 throwing nets (quivered)
Armour
 b - a +0 leather armour (worn)
 c - a +1 helmet (worn)
Jewellery
 h - a ring of positive energy (left hand)
Scrolls
 g - a scroll of blinking
 o - a scroll of teleportation
Potions
 m - a potion of magic
 q - a potion of degeneration {unknown}
Comestibles
 f - 3 rations
 k - 11 chunks of flesh


   Skills:
 * Level 3.2 Fighting
 * Level 3.9 Staves
 - Level 1.7 Throwing
 * Level 2.5 Armour
 * Level 3.1 Dodging
 + Level 1.7 Stealth


You had 4 spell levels left.
You didn't know any spells.
Your spell library was empty.

Dungeon Overview and Level Annotations

Branches:
Dungeon (3/15)

Altars:
Cheibriados


Innate Abilities, Weirdness & Mutations

You are resistant to torment.
Your stone body is resilient. (AC +4)
You are immune to poison.
You resist negative energy. (rN+)
You are resistant to electric shocks. (rElec)
You can survive without breathing.
You are immune to petrification.
You are immune to rotting.


Message History

No target in view!
No target in view!
No target in view!
No target in view!
Found a scroll of blinking.
e - a scroll labeled QEEQODUTUU
Found a stone staircase leading down.
g - a scroll of blinking You now have 84 gold pieces (gained 14).
A rat comes into view.
As you read the scroll labeled QEEQODUTUU, it crumbles to dust.
The creatures around you are filled with an inner flame!
It was a scroll of immolation.
You sock the rat!
The rat explodes!
The fiery explosion engulfs you!!
Ouch! That really hurt!
* * * LOW HITPOINT WARNING * * *
You are engulfed in blazing flames.
You die...

,,,,,* ###.#### #... *,****
*###########.# #... *,*
*............# #######... *,*
*......####..###......... *,*
*........##.............. *,*****
*......#.##...##......... ,,,,,,*
*......>......########... *,***,*
**######.####.# #...
*,,**,*********#@# *.# #...
**,**,**,,,,,,,#§# *.# #...
,,,,,,**,,,,,,,#§#***.# #...
**,*****,,*,,,,...,,,.#*******,,,
*,*****,*,,*,,#..,,,,,,,,,,,,,,,
*,,,,,,,,***,,####,*,,,,,,,,,,,,
*******,,,,,,,* *,*,***,,,,,,,,
*,,,,,,** *,*,,,,,,,,,,,,
******** *,*,,**,,,,,,,,


There were no monsters in sight!

Vanquished Creatures
  An iguana (D:3)
  An orc wizard (D:3)
  3 adders
  A worm (D:3)
  A dart slug (D:2)
  5 leopard geckos
  4 orcs (D:3)
  8 bats
  5 giant cockroaches
  9 goblins
  10 hobgoblins
  8 jackals
  2 quokkas (D:2)
  A ball python (D:1)
  5 frilled lizards
  9 kobolds
  6 rats
79 creatures vanquished.

Notes
Turn   | Place    | Note
-------+----------+-------------------------------------------
     0 | D:1      | Borgoz the Gargoyle Gladiator began the quest for the Orb.
     0 | D:1      | Reached XP level 1. HP: 12/12 MP: 1/1
    56 | D:1      | Reached XP level 2. HP: 8/18 MP: 2/2
   554 | D:1      | Reached skill level 1 in Armour
   616 | D:1      | Reached XP level 3. HP: 22/22 MP: 3/3
  1077 | D:2      | Reached skill level 1 in Stealth
  1311 | D:2      | Reached XP level 4. HP: 25/27 MP: 4/4
  1689 | D:2      | Found a faded altar of an unknown god.
  2148 | D:3      | Found a snail-covered altar of Cheibriados.
  2234 | D:3      | Reached XP level 5. HP: 31/32 MP: 5/5
  2359 | D:3      | HP: 1/32 [rat/exploding inner flame[the player character]
                  | (31)]
  2359 | D:3      | Engulfed by a cloud of flame

Levels and vault maps discovered:
D:1:      dpeg_arrival_round_c, layout_loops_ring, serial_park_tiny_1,
          minmay_strange_pillars, glass_columns_b
D:2:      layout_loops_corners, chequers_ecumenical_altar_twisty,
          serial_bayou_pond_b
D:3:      layout_loops_cross, old_standard_altar, nicolae_overflow_hidden_temple

Skill      XL: |  1  2  3  4 |
---------------+-------------+-----
Armour         | 1 2 |  2.5
Stealth        | 1 |  1.7
Fighting       | 3 |  3.2
Dodging        | 3 |  3.1
Staves         | |  3.9
Throwing       | |  1.7

Action                   |  1- 3 |  4- 6 || total
-------------------------+-------+-------++-------
Melee: Quarterstaff      |   105 |   127 ||   232
  Use: Scroll            |     1 |     8 ||     9
       Potion            |       |     1 ||     1
 Stab: Sleeping          |     2 |     2 ||     4
  Eat: Chunk             |     1 |     4 ||     5
Armor: Leather armour    |    44 |    56 ||   100
Dodge: Dodged            |    89 |    98 ||   187

Table legend:
 A = Non-vault XP
 B = Vault XP
 C = Vault XP percentage of total XP
 D = Non-vault monster count
 E = Vault monster count
 F = Vault count percentage of total count
                 A         B        C        D         E       F
            +---------+---------+-------+---------+---------+-------
      Total |     235 |      13 |   5.2 |      72 |       7 |   8.9
            +---------+---------+-------+---------+---------+-------
        D:1 |      47 |       0 |   0.0 |      26 |       0 |   0.0
        D:2 |      57 |      13 |  18.6 |      28 |       7 |  20.0
        D:3 |     131 |       0 |   0.0 |      18 |       0 |   0.0
            +---------+---------+-------+---------+---------+-------
